 Dungeon Crawl Stone Soup version 0.25-a0-589-g1e14c549ee (webtiles) character file.

Game seed: 4640859476515665419, levelgen mode: deterministic

55145 Eurus the Destroyer (level 14, -6/105 HPs)
             Began as a Mummy Conjurer on Mar 9, 2020.
             Was a High Priest of Ashenzari.
             Mangled by Pivothre's ghost (9 damage)
             ... on level 13 of the Dungeon.
             The game lasted 01:37:17 (35113 turns).

Eurus the Destroyer (Mummy Conjurer)               Turns: 35113, Time: 01:37:18

Health: -6/105     AC:  8    Str: 11    XL:     14   Next: 37%
Magic:  3/46       EV: 19    Int: 20    God:    Ashenzari [*****.]
Gold:   1239       SH:  7    Dex: 12    Spells: 28/40 levels left

rFire    x . .     SeeInvis +   r - staff of power (curse)
rCold    + . .     Gourm    .   f - +1 buckler (curse)
rNeg     + + +     Faith    .   u - +0 troll leather armour
rPois    ∞         Spirit   .   n - +0 helmet (curse)
rElec    .         Reflect  .   h - scarf {repulsion} (curse)
rCorr    .         Harm     .   F - +0 pair of gloves (curse)
MR       ++...     Clarity  +   o - +0 pair of boots (curse)
Stlth    ++........             (no amulet)
HPRegen  0.67/turn              y - +3 ring of evasion
MPRegen  0.30/turn              b - ring of protection from magic (curse)

@: repel missiles
A: no food or potions, fire vulnerability, cold resistance 1, negative energy
resistance 3, torment resistance, unbreathing, in touch with death 1
a: Curse Item, Scrying, Transfer Knowledge, Renounce Religion


You were on level 13 of the Dungeon.
You worshipped Ashenzari.
Ashenzari was extremely pleased with you.
You were not hungry.

You visited 4 branches of the dungeon, and saw 21 of its levels.
You also visited: Ice Cave.

You collected 1239 gold pieces.

Inventory:

Armour
 e - a +2 robe of resistance
 f - a cursed +1 buckler (worn)
 h - a cursed scarf of repulsion (worn)
 n - a cursed +0 helmet (worn)
 o - a cursed +0 pair of boots (worn)
 u - a +0 troll leather armour (worn)
 z - a +0 robe of the Archmagi
 C - a +3 leather armour of fire resistance
 F - a cursed +0 pair of gloves (worn)
 I - a +1 pair of boots
 J - a cursed +0 tower shield
Magical Staves
 r - a cursed staff of power (weapon)
Jewellery
 b - a cursed ring of protection from magic (right hand)
 y - a +3 ring of evasion (left hand)
 A - an uncursed ring of protection from cold
 K - the ring of the Sky {rElec rPois rF+++ MP-9 Stlth-}
   (You took it off a yaktaur on level 11 of the Dungeon)

   [ring of attention]

   It renders you almost immune to fire.
   It insulates you from electricity.
   It protects you from poison.
   It affects your magic capacity (-9).
   It makes you less stealthy.
Wands
 a - a wand of paralysis (5)
 k - a wand of flame (26)
 l - a wand of digging (5)
 m - a wand of polymorph (35)
 q - a wand of clouds (4)
 v - a wand of random effects (30)
 x - a wand of enslavement (7)
 E - a wand of iceblast (9)
 H - a wand of disintegration (20)
Scrolls
 c - a scroll of remove curse
 d - 11 scrolls of identify
 g - 2 scrolls of fog
 j - 2 scrolls of enchant armour
 p - 4 scrolls of magic mapping
 t - 2 scrolls of amnesia
 w - 7 scrolls of enchant weapon
 B - a scroll of vulnerability
 G - a scroll of teleportation


   Skills:
 - Level 8.0 Fighting
 + Level 5.5 Armour
 - Level 6.1(8.8) Dodging
 - Level 1.5(3.3) Stealth
 + Level 5.3(8.0) Shields
 + Level 13.5(17.0) Spellcasting
 * Level 13.6 Conjurations
 - Level 7.0 Translocations


You had 28 spell levels left.
You knew the following spells:

 Your Spells              Type           Power        Failure   Level  Hunger
a - Magic Dart            Conj           ####         0%          1    N/A
b - Searing Ray           Conj           ######       1%          2    N/A
c - Iskenderun's Mystic   Conj/Tloc      ######..     1%          4    N/A
d - Blink                 Tloc           N/A          1%          2    N/A
e - Mephitic Cloud        Conj/Pois/Air  #####...     1%          3    N/A

Your spell library contained the following spells:

 Spells                   Type           Power        Failure   Level  Hunger
 Apportation              Tloc           #####.       1%          1    N/A
 Conjure Flame            Conj/Fire      #####...     1%          3    N/A
 Dazzling Flash           Conj/Hex       #####.       1%          3    N/A
 Lesser Beckoning         Tloc           #####.....   1%          3    N/A
 Fulminant Prism          Conj/Hex       #####.....   2%          4    N/A
 Corona                   Hex            ###....      4%          1    N/A
 Summon Butterflies       Summ           ###.....     4%          1    N/A
 Call Imp                 Summ           ###.....     6%          2    N/A
 Ensorcelled Hibernation  Hex/Ice        ###...       6%          2    N/A
 Slow                     Hex            ###.....     6%          2    N/A
 Fireball                 Conj/Fire      #####.....   7%          5    N/A
 Irradiate                Conj/Tmut      #####.....   7%          5    N/A
 Confusing Touch          Hex            ###.....     13%         3    N/A
 Ignite Poison            Fire/Tmut/Pois ###.....     13%         3    N/A
 Tukima's Dance           Hex            ###.....     13%         3    N/A
 Starburst                Conj/Fire      #####.....   36%         6    N/A
 Petrify                  Tmut/Erth      ###.....     38%         4    N/A
 Alistair's Intoxication  Tmut/Pois      ###.....     75%         5    N/A
 Eringya's Noxious Bog    Tmut/Pois      ###.......   100%        6    N/A
 Invisibility             Hex            ###.....     100%        6    N/A
 Ring of Flames           Chrm/Fire      ###.......   100%        7    N/A
 Ignition                 Fire           ###.......   100%        8    N/A
 Sublimation of Blood     Necr           Unusable     N/A         2    N/A

Dungeon Overview and Level Annotations

Branches:
Dungeon (13/15)            Temple (1/1) D:4            Lair (6/6) D:11
  Swamp (0/4) Lair:2       Spider (0/4) Lair:2        Slime (0/5) Lair:6
    Orc (1/2) D:12          IceCv (visited)
 Vaults: D:13-14

Altars:
Ashenzari
Cheibriados
Dithmenos
Elyvilon
Fedhas
Gozag
Hepliaklqana
Kikubaaqudgha
Makhleb
Nemelex Xobeh
Okawaru
Qazlal
Ru
Sif Muna
Trog
Uskayaw
Vehumet
Wu Jian
Xom
Yredelemnul
Zin
The Shining One
Jiyva

Annotations:
D:9 Fannar
D:10 Erolcha
D:11 1 runed translucent door
D:13 Pivothre's ghost, journeyman DgAE
Lair:2 exclusion: oklob plant
Lair:3 exclusion: oklob plant
Lair:6 4 exclusions
Orc:1 exclusion: sensed monster (detected)


Innate Abilities, Weirdness & Mutations

You do not eat or drink.
Your flesh is vulnerable to fire.
You are immune to poison.
Your flesh is cold resistant. (rC+)
You are immune to negative energy. (rN+++)
You are immune to unholy pain and torment.
You can survive without breathing.
You are in touch with the powers of death.


Message History

Pivothre's ghost completely misses you.
Casting: Iskenderun's Mystic Blast (safe; 1% risk of failure)
Confirm with . or Enter, or press ? or * to list all spells.
You erupt in a blast of force!
The mystic blast hits Pivothre's ghost but does no damage.
Pivothre's ghost is severely damaged.
Pivothre's ghost closely misses you.
Casting: Iskenderun's Mystic Blast (safe; 1% risk of failure)
Confirm with . or Enter, or press ? or * to list all spells.
You erupt in a blast of force!
The mystic blast misses Pivothre's ghost.
Pivothre's ghost hits you.
* * * LOW HITPOINT WARNING * * *
x2
Casting: Iskenderun's Mystic Blast (safe; 1% risk of failure)
Confirm with . or Enter, or press ? or * to list all spells.
You erupt in a blast of force!
The mystic blast hits Pivothre's ghost but does no damage.
Pivothre's ghost is severely damaged.
Pivothre's ghost hits you!
You die...

#####(.(.).....# ** , ,,
* * ..##..####.....# **
,*, *,*, ..'..## #.....+
,,* *,*,*, ..####
#.....# ,*,*, , ..#
#.....# , ### #.....# *
,* ** ** ## ####'#### *
.# #....### * * .#
#...@..# * '#####
########'W### ** **
.....###<..##≈.≈.≈..#, ,
, ** *
.....#.'...#..⌠≈#..## ,,
,+,,,**
.....#.#...#.#≈≈..≈#*,,,
, * ,,
.....'[#...##.$)!≈#.* ,,
* .....###...####.#.###
, , .....# #...########
* < .....# #........)# ,
,,


You could see Pivothre's ghost.

Vanquished Creatures
  8 hydras
  A centaur warrior (D:13)
  2 two-headed ogres
  Erica (Lair:1)
  2 catoblepae
  4 death yaks (Lair:3)
  A deep elf knight (D:11)
  Pikel (D:6)
  A wizard (D:9)
  A necromancer (IceCv)
  An orc knight (D:12)
  A deep elf mage (D:11)
  2 cyclopes
  2 manticores
  3 ugly things
  Maurice (D:9)
  4 elephants
  3 ice statues (IceCv)
  5 spiny frogs
  A gargoyle (D:11)
  3 black mambas
  7 komodo dragons
  3 rime drakes
  5 ice devils (IceCv)
  A yaktaur (D:11)
  A hornet (D:9)
  A raiju (Lair:6)
  4 trolls
  5 hippogriffs
  7 dream sheep (Lair:4)
  9 blink frogs (Lair:6)
  3 bog bodies (Lair:2)
  3 slime creatures (D:12)
  A redback (Lair:2)
  Sigmund (D:4)
  A shadow (D:11)
  2 wyverns
  A human (D:10)
  43 yaks
  4 hogs
  5 basilisks
  A steam dragon (D:12)
  2 wraiths
  Grum (D:8)
  3 hungry ghosts
  3 vampire mosquitoes
  A swamp worm (Lair:2)
  2 wargs
  Duvessa (D:7)
  12 porcupines
  8 water moccasins
  3 black bears
  2 sky beasts
  4 ice beasts
  7 orc warriors
  4 slaves
  2 necrophages
  3 ogres
  15 wolves
  9 centaurs
  10 crocodiles
  A big kobold (D:9)
  17 bullfrogs
  A wyvern zombie (D:9)
  A water moccasin skeleton (D:11)
  Dowan (D:7)
  A scorpion (D:6)
  2 troll zombies (D:12)
  19 wights
  10 killer bees (D:9)
  A howler monkey (D:4)
  An electric eel (Lair:2)
  9 crimson imps
  2 lava snakes (Lair:4)
  2 centaur zombies
  3 jellies
  6 orc wizards
  6 orc priests
  6 bullfrog skeletons
  5 centaur skeletons
  3 hounds
  Crazy Yiuf (D:4)
  Jessica (D:2)
  Terence (D:2)
  2 iguanas
  Natasha (thrice) (D:3)
  5 hell rats (Lair:1)
  10 worker ants
  2 spriggan simulacra (IceCv)
  A killer bee zombie (D:6)
  2 troll simulacra (IceCv)
  6 ogre zombies (D:12)
  2 centaur simulacra (IceCv)
  A howler monkey zombie (D:9)
  Robin (D:3)
  A howler monkey skeleton (D:9)
  3 gnolls (D:5)
  An ogre simulacrum (IceCv)
  5 river rats (Lair:1)
  14 adders
  3 naga simulacra (IceCv)
  A shadow imp (D:11)
  4 adder skeletons
  3 worms
  3 dart slugs
  4 leopard geckos
  18 orcs
  5 giant cockroaches
  19 goblins
  7 hobgoblins
  15 jackals
  15 kobolds
  A quokka (D:10)
  2 ball pythons
  A ball python skeleton (D:6)
  8 bats
  2 frilled lizards
  2 goblin skeletons (D:12)
  3 goblin zombies (D:12)
  A hobgoblin skeleton (D:12)
  2 hobgoblin zombies (D:12)
  4 orc skeletons (D:12)
  13 orc zombies (D:12)
  A quokka skeleton (D:5)
  15 rats
  A fungus (Lair:3)
560 creatures vanquished.

Vanquished Creatures (others)
  A bog body (Lair:2)
  5 jackals (D:5)
  2 fungi (Lair:3)
  17 plants
25 creatures vanquished.

Grand Total: 585 creatures vanquished

Notes
Turn   | Place    | Note
-------+----------+-------------------------------------------
     0 | D:1      | Eurus the Mummy Conjurer began the quest for the Orb.
     0 | D:1      | Reached XP level 1. HP: 13/13 MP: 4/4
   402 | D:1      | Reached XP level 2. HP: 13/19 MP: 0/6
   406 | D:1      | Learned a level 2 spell: Searing Ray
  1290 | D:2      | Reached XP level 3. HP: 14/24 MP: 0/7
  1429 | D:2      | Found a faded altar of an unknown god.
  1885 | D:2      | Reached XP level 4. HP: 30/30 MP: 5/9
  1942 | D:2      | Noticed Terence
  1976 | D:2      | Killed Terence
  1976 | D:2      | Reached skill level 1 in Shields
  2392 | D:2      | Found a glowing silver altar of Zin.
  2468 | D:2      | Noticed Jessica
  2469 | D:2      | Killed Jessica
  2582 | D:3      | Reached XP level 5. HP: 35/35 MP: 6/10
  2620 | D:3      | Learned a level 4 spell: Iskenderun's Mystic Blast
  3019 | D:3      | Noticed Robin
  3025 | D:3      | Killed Robin
  3167 | D:3      | Noticed Natasha
  3171 | D:3      | Killed Natasha
  3209 | D:3      | Noticed Natasha
  3219 | D:3      | Killed Natasha
  3279 | D:3      | Noticed Natasha
  3283 | D:3      | Killed Natasha
  3283 | D:3      | Reached XP level 6. HP: 41/41 MP: 8/12
  3342 | D:3      | Found an opulent altar of Gozag.
  3825 | D:4      | Found a staircase to the Ecumenical Temple.
  3976 | D:4      | Noticed Sigmund
  4028 | D:4      | Reached skill level 1 in Translocations
  4146 | D:4      | Reached skill level 5 in Conjurations
  4211 | D:4      | Found an ornate altar of the Wu Jian Council.
  4452 | D:5      | Entered Level 5 of the Dungeon
  4579 | D:5      | Reached XP level 7. HP: 39/46 MP: 6/14
  4728 | Temple   | Entered the Ecumenical Temple
  4831 | Temple   | Became a worshipper of Ashenzari the Shackled
  4933 | D:5      | Reached skill level 5 in Spellcasting
  6013 | D:6      | Found a glowing golden altar of the Shining One.
  6301 | D:6      | Reached XP level 8. HP: 53/53 MP: 8/16
  6423 | D:6      | Found a blossoming altar of Fedhas.
  6524 | D:6      | Reached skill level 1 in Fighting
  7630 | D:7      | Noticed Pikel
  7681 | D:6      | Killed Pikel
  7681 | D:6      | Reached XP level 9. HP: 32/64 MP: 3/19
  8394 | D:7      | Found a snail-covered altar of Cheibriados.
  8778 | D:7      | Noticed Duvessa
  8778 | D:7      | Noticed Dowan
  8790 | D:7      | Killed Dowan
  8796 | D:7      | Killed Duvessa
  8977 | D:8      | Reached * piety under Ashenzari
  9051 | D:8      | Noticed Grum
  9746 | D:8      | Found a stormy altar of Qazlal.
 10008 | D:8      | Killed Grum
 10728 | D:9      | Reached XP level 10. HP: 67/73 MP: 18/22
 11156 | D:9      | Noticed a two-headed ogre
 11671 | D:9      | Reached skill level 5 in Translocations
 11931 | D:9      | Found a shimmering altar of Xom.
 11946 | D:9      | Killed a two-headed ogre
 12472 | D:9      | Found a burning altar of Makhleb.
 12768 | D:9      | Noticed a wizard
 12787 | D:9      | Killed a wizard
 13207 | D:4      | Found a runed translucent door.
 13208 | D:4      | Noticed Crazy Yiuf
 13213 | D:4      | Killed Crazy Yiuf
 13701 | D:4      | Killed Sigmund
 13926 | D:10     | Entered Level 10 of the Dungeon
 14097 | D:10     | Noticed Fannar
 14166 | D:9      | Reached XP level 11. HP: 67/78 MP: 24/24
 14281 | D:10     | Noticed Maurice
 14281 | D:10     | Noticed a two-headed ogre
 15031 | D:9      | Killed Maurice
 15031 | D:9      | Reached skill level 1 in Armour
 15801 | D:10     | Killed a two-headed ogre
 15801 | D:10     | Reached skill level 10 in Conjurations
 16066 | D:10     | Reached ** piety under Ashenzari
 16272 | D:10     | Noticed Erolcha
 16540 | D:11     | Noticed a cyan ugly thing
 16549 | D:11     | Killed a cyan ugly thing
 16593 | D:11     | Identified the +10 whip of the Visionary {distort, rF+}
 16679 | D:11     | Noticed a six-headed hydra
 16866 | D:10     | Reached skill level 10 in Spellcasting
 17339 | D:11     | Killed a six-headed hydra
 17522 | D:11     | Identified the +8 scimitar "Pudghan" {pain, Fragile rC+
                  | Str-3 Int+5}
 17576 | D:11     | Found a staircase to the Lair.
 17694 | D:11     | Noticed a centaur warrior
 17696 | D:11     | Found a runed translucent door.
 17938 | D:11     | Identified the +8 whip "Idwaihue" {antimagic, rElec Dex+2}
 17965 | D:11     | Reached XP level 12. HP: 60/84 MP: 25/26
 18155 | D:11     | Noticed a catoblepas
 18340 | Lair:1   | Entered Level 1 of the Lair of Beasts
 18621 | Lair:1   | Noticed a five-headed hydra
 18635 | Lair:1   | Killed a five-headed hydra
 19014 | Lair:1   | Reached *** piety under Ashenzari
 19137 | Lair:1   | Noticed Erica
 19513 | Lair:1   | Noticed a six-headed hydra
 19528 | Lair:1   | Killed a six-headed hydra
 19547 | Lair:1   | Reached skill level 5 in Fighting
 19574 | Lair:1   | Noticed a seven-headed hydra
 19583 | Lair:1   | Killed a seven-headed hydra
 20204 | Lair:2   | Found a frozen archway.
 20217 | IceCv    | Entered an ice cave
 21939 | IceCv    | Identified the cursed +1 spear of the Tomato {protect, rF+
                  | rN+++ MP-9 Stlth+}
 21939 | IceCv    | Identified the cursed +3 mace "Jizas" {flame, Str+4 Stlth+}
 22094 | Lair:2   | Reached skill level 5 in Dodging
 22560 | Lair:2   | Found a hole to the Spider Nest.
 22977 | Lair:2   | Found a staircase to the Swamp.
 23463 | Lair:3   | Noticed a five-headed hydra
 23483 | Lair:3   | Killed a five-headed hydra
 23688 | Lair:3   | Noticed a six-headed hydra
 23730 | Lair:3   | Killed a six-headed hydra
 23730 | Lair:3   | Gained mutation: You are in touch with the powers of death.
                  | [Mummy growth]
 23730 | Lair:3   | Reached XP level 13. HP: 44/93 MP: 29/29
 23959 | Lair:3   | Reached **** piety under Ashenzari
 26702 | Lair:4   | Found a runed translucent door.
 27119 | Lair:4   | Learned a level 2 spell: Blink
 27193 | Lair:4   | Learned a level 3 spell: Mephitic Cloud
 28914 | Lair:6   | Entered Level 6 of the Lair of Beasts
 28914 | Lair:6   | Found a staircase to the Slime Pits.
 28914 | Lair:6   | Found a viscous altar of Jiyva.
 30044 | Lair:6   | Reached ***** piety under Ashenzari
 32002 | D:11     | Reached XP level 14. HP: 86/104 MP: 31/31
 32198 | D:11     | Identified the ring of the Sky {rElec rPois rF+++ MP-9
                  | Stlth-}
 32362 | D:11     | Reached skill level 5 in Armour
 32569 | D:11     | Identified the +9 war axe "Efem" {flame, rPois rF+ MR+}
 32732 | D:11     | Identified the +5 scale mail of Tenacity {Int+6}
 33011 | Lair:1   | Killed Erica
 33474 | D:12     | Reached skill level 5 in Shields
 33599 | D:12     | Identified the cursed +0 scale mail of the Burgomaster {MR-
                  | Regen+ Int+5 Slay+5}
 33755 | D:12     | Found a staircase to the Orcish Mines.
 34476 | Orc:1    | Entered Level 1 of the Orcish Mines
 34829 | Orc:1    | Noticed an orc warlord
 35077 | D:13     | Found a large runed translucent door.
 35077 | D:13     | Found a large runed translucent door.
 35078 | D:13     | Noticed Pivothre's ghost (journeyman DgAE)
 35108 | D:13     | HP: 5/105 [Pivothre's ghost/the air (9)]
 35112 | D:13     | HP: 2/105 [Pivothre's ghost (1)]
 35113 | D:13     | Mangled by Pivothre's ghost

Levels and vault maps discovered:
D:1:      nicolae_arrival_somewhat_less_tricky_arrival, layout_basic
D:2:      layout_loops_ring, zin_treasury, first_ration,
          chequers_ecumenical_altar_simple, uniq_terence, uniq_jessica
D:3:      layout_loops_cross, nicolae_gozag_cash_rules_everything_around_me,
          kennysheep_generic_room_10, uniq_robin, uniq_natasha
D:4:      layout_loops_cross, lemuel_coloured_pillars_altar,
          minmay_temple_entry_from_below_a, uniq_sigmund,
          uniq_crazy_yiuf_cottage
D:5:      layout_loops_ring, moated_statue, lemuel_old_faithful
D:6:      layout_rooms, tso_metal_star, fedhas_altar_4
D:7:      layout_loops_ring, overflow_temple_1_default, uniq_pikel, uniq_duvessa
D:8:      layout_rooms, basic_altar, uniq_grum
D:9:      kennysheep_big_flooded_room, layout_basic, old_standard_altar,
          kennysheep_mini_moat
D:10:     layout_cave_pools, uniq_erolcha, uniq_fannar, uniq_maurice
D:11:     minmay_the_grid_triangle_9x9_line_8_mashed
          [minmay_the_grid_triangle_9x9_limited_checkers,
          minmay_the_grid_triangle_9x9_subtriangle,
          minmay_the_grid_triangle_9x9_impossible_snake,
          minmay_the_grid_triangle_9x9_dagger,
          minmay_the_grid_triangle_9x9_swiss_cheese,
          minmay_the_grid_triangle_9x9_stretched_checkered,
          minmay_the_grid_triangle_9x9_flanged_cone,
          minmay_the_grid_triangle_9x9_prize_insulated], layout_rooms,
          lair_entry_dummy, grunt_livestock
D:12:     layout_roguey, zombieorc2_lemuel
D:13:     layout_roguey, grunt_vaults_entry_tiered, ebering_ghost_disaster_area,
          drop_trap, minmay_checkerbox
Temple:   regret_index_temple_waves
Lair:1:   layout_regular_city, st_stairs_8, kennysheep_abandoned_house,
          infiniplex_staircase_pool, uniq_erica
Lair:2:   dpeg_oklob_gauntlet, layout_regular_city,
          nicolae_swamp_entry_splash_gauntlet, spider_nest_entry_rubble,
          portal_ice_cave_rime, lemuel_fruit_tree, serial_bayou_shore_b,
          lemuel_fruit_fields, lemuel_fruit_fields
Lair:3:   layout_layer_cave, minmay_lair_oklob_chamber, grunt_megastairs_3
Lair:4:   gammafunk_mikee_crab_dinner, layout_gridlike,
          grunt_forest_small_clearing_treed
Lair:5:   layout_hall_layers
Lair:6:   hangedman_lair_caniforms_friends, layout_cave_pods,
          guppyfry_lair_end_dragon, slime_altar_1, st_stairs_4,
          serial_bayou_pond_a, patterned_corridor
Orc:1:    layout_caves, serial_shops, ebering_ghost_xom, mines1_david

Skill      XL: |  1  2  3  4  5  6  7  8  9 10 11 12 13 14 |
---------------+-------------------------------------------+-----
Spellcasting   | 3 4 5 6 8 9 10 12 13 | 13.5
Conjurations   | 4 5 7 8 9 10 12 13 | 13.6
Shields        | 1 2 3 4 5 |  5.3
Translocations | 1 2 3 4 5 6 7 |  7.0
Fighting       | 3 4 6 7 8 |  8.0
Dodging        | 3 4 5 6 |  6.1
Armour         | 3 4 5 |  5.5
Stealth        | |  1.5

Action                   |  1- 3 |  4- 6 |  7- 9 | 10-12 | 13-15 || total
-------------------------+-------+-------+-------+-------+-------++-------
Melee: Dagger            |    17 |    14 |    17 |    13 |       ||    61
       Staff             |       |       |       |    10 |    15 ||    25
 Cast: Magic Dart        |    61 |    54 |    28 |    62 |    95 ||   300
       Searing Ray       |     4 |    21 |    85 |   228 |   226 ||   564
       Iskenderun's Myst |       |       |       |    22 |    21 ||    43
Invok: Curse Item        |       |       |     2 |     3 |     2 ||     7
  Use: Scroll            |       |       |    11 |     4 |     6 ||    21
 Stab: Sleeping          |       |     1 |     1 |       |       ||     2
Armor: Robe              |     4 |     5 |    12 |    36 |       ||    57
       Animal skin       |       |     1 |    19 |       |       ||    20
       Troll leather arm |       |       |       |    36 |    23 ||    59
       Leather armour    |       |       |       |       |    19 ||    19
Dodge: Dodged            |    12 |    19 |   108 |   207 |   259 ||   605
       Deflected         |       |     8 |     2 |    15 |     8 ||    33
Block: Buckler           |       |       |    45 |   116 |   121 ||   282

Table legend:
 A = Non-vault XP
 B = Vault XP
 C = Vault XP percentage of total XP
 D = Non-vault monster count
 E = Vault monster count
 F = Vault count percentage of total count
                 A         B        C        D         E       F
            +---------+---------+-------+---------+---------+-------
      Total |   53484 |   25295 |  32.1 |     398 |     158 |  28.4
            +---------+---------+-------+---------+---------+-------
        D:1 |      32 |       0 |   0.0 |      18 |       0 |   0.0
        D:2 |      83 |      73 |  46.8 |      25 |       2 |   7.4
        D:3 |     131 |      72 |  35.5 |      15 |      14 |  48.3
        D:4 |     191 |     270 |  58.6 |       8 |       2 |  20.0
        D:5 |     755 |       0 |   0.0 |      24 |       0 |   0.0
        D:6 |     624 |     663 |  51.5 |      12 |       1 |   7.7
        D:7 |     926 |     565 |  37.9 |      30 |       5 |  14.3
        D:8 |     678 |     194 |  22.2 |      11 |       1 |   8.3
        D:9 |    5659 |    1287 |  18.5 |      58 |       3 |   4.9
       D:10 |    2717 |     614 |  18.4 |      19 |       3 |  13.6
       D:11 |    5909 |    7498 |  55.9 |      35 |      26 |  42.6
       D:12 |    6875 |     728 |   9.6 |      36 |      36 |  50.0
       D:13 |    1340 |       0 |   0.0 |       2 |       0 |   0.0
     Lair:1 |    3412 |    3079 |  47.4 |      13 |      21 |  61.8
     Lair:2 |    1015 |    2222 |  68.6 |       6 |       9 |  60.0
     Lair:3 |    7988 |    2120 |  21.0 |      16 |       6 |  27.3
     Lair:4 |    7063 |       0 |   0.0 |      33 |       0 |   0.0
     Lair:5 |    1663 |       0 |   0.0 |      11 |       0 |   0.0
     Lair:6 |    6290 |    2018 |  24.3 |      24 |      10 |  29.4
      Orc:1 |     133 |       0 |   0.0 |       2 |       0 |   0.0
      IceCv |       0 |    3892 | 100.0 |       0 |      19 | 100.0
            +---------+---------+-------+---------+---------+-------
